Map: Canyon of Tribulation

Players

DarkTemplar

  • Race: Protoss Protoss
  • League: Silver
  • Spawn Location: 12:00

irvinz

  • Race: Zerg Zerg
  • League: Gold
  • Spawn Location: 6:00

BlueHawk

  • Race: Terran Terran
  • League: Bronze
  • Spawn Location: 7:00

bertman

  • Race: Terran Terran
  • Spawn Location: 6:00

rod

  • Race: Terran Terran
  • Spawn Location: 12:00

Leiferon

  • Race: Terran Terran
  • Spawn Location: 3:00

VOD

Have the link to the VOD?

Description

Time

  • Played on: Sept. 21, 2018, 5:02 p.m.
  • Length: 17:31
Show
View Real Time Build Order
Export as new Build Order

DarkTemplar Protoss 

Build Orders:  

Get SALT Encoding   

  12  0:04  Probe  
  13  0:16  Probe  
  14  0:27  Pylon  
  14  0:30  Probe  
  14  0:35  Assimilator  
  15  0:42  Probe  
  16  0:51  Probe  
  16  0:53  Gateway  
  17  1:00  Probe  
  18  1:16  Probe  
  19  1:24  Pylon  
  19  1:30  Assimilator  
  19  1:38  Probe  
  20  1:45  Cybernetics Core  
  20  1:50  Probe  
  21  1:57  Zealot  
  23  2:02  Probe  
  23  2:03  Forge  
  24  2:15  Probe  
  25  2:27  Stargate, Probe  
  26  2:33  Warp Gate  
  26  2:55  Probe  
  27  3:07  Probe  
  28  3:21  Nexus  
  28  3:22  Pylon  
  28  3:26  Stalker  
  30  3:40  Void Ray  
  34  3:41  Pylon  
  34  3:42  Probe  
  35  3:53  Stargate  
  35  3:54  Probe  
  36  3:56  Pylon  
  37  4:17  Stalker  
  37  4:32  Probe  
  37  4:35  Void Ray  
  42  4:39  Assimilator  
  42  4:40  Probe  
  42  4:44  Assimilator, Probe  
  44  4:46  Protoss Air Armor Level 1  
  44  4:51  Probe  
  45  4:56  Probe  
  45  4:59  Probe  
  46  5:05  Phoenix  
  49  5:09  Probe x2  
  51  5:20  Probe  
  52  5:21  Probe  
  53  5:32  Void Ray  
  53  5:33  Probe x2  
  59  5:44  Void Ray  
  59  5:45  Probe  
  59  5:46  Probe  
  65  5:58  Pylon  
  65  6:06  Probe  
  65  6:09  Probe  
  67  6:22  Fleet Beacon  
  67  6:23  Probe x2  
  67  6:25  Phoenix  
  71  6:36  Probe  
  71  6:37  Probe  
  73  6:49  Probe  
  73  6:53  Protoss Air Weapons Level 1  
  74  6:58  Void Ray  
  78  7:02  Pylon  
  78  7:20  Void Ray  
  82  7:27  Pylon  
  82  7:29  Stargate  
  82  7:31  Stargate  
  82  7:33  Stargate  
  82  7:41  Phoenix  
  84  8:03  Phoenix  
  84  8:14  Void Ray  
  88  8:22  Pylon  
  88  8:28  Void Ray  
  92  8:40  Void Ray  
  96  8:48  Phoenix  
  98  8:55  Phoenix  
  98  8:57  Phoenix  
  102  9:40  Pylon  
  102  9:42  Pylon  
  102  9:45  Nexus  
  102  9:46  Assimilator, Phoenix  
  102  9:47  Phoenix x2  
  102  9:50  Assimilator  
  102  9:57  Phoenix  
  75  10:30  Carrier x2  
  87  10:42  Phoenix x2  
  91  10:57  Probe  
  78  11:09  Probe  
  71  11:15  Protoss Air Weapons Level 2, Anion Pulse-Crystals  
  71  11:18  Probe x2  
  71  11:30  Probe x2  
  73  11:34  Pylon  
  73  11:36  Pylon  
  73  11:38  Pylon  
  73  11:42  Probe x2  
  75  11:54  Probe  
  74  12:02  Carrier x2  
  69  12:39  Carrier x2  
  60  13:20  Probe x2  
  60  13:23  Probe  
  63  13:27  Void Ray  
  63  13:31  Probe  
  63  13:32  Probe x2  
  65  13:41  Probe  
  70  13:44  Probe x2  
  73  13:53  Probe  
  74  14:05  Probe  
  75  14:11  Probe x2  
  77  14:23  Probe x2  
  73  14:34  Probe  
  73  14:35  Probe x2  
  74  14:46  Probe  
  74  14:47  Probe x2  
  74  14:49  Void Ray  
  74  14:51  Tempest  
  86  14:58  Probe  
  36  15:33  Probe x2  
  36  15:34  Probe  
  39  15:45  Probe  
  40  15:53  Probe x2  
  41  15:57  Pylon, Probe  
  41  15:58  Assimilator, Nexus  
  41  15:59  Pylon, Assimilator  
  41  16:05  Probe x2  
  41  16:09  Probe  
  44  16:18  Phoenix  
  44  16:24  Phoenix  
  44  16:25  Phoenix  
  50  16:27  Tempest  
  56  16:47  Void Ray  
Show
View Real Time Build Order
Export as new Build Order

irvinz Zerg 

Build Orders: Hatch First, Muta Ling Bane 

Get SALT Encoding   

  12  0:01  Drone  
  13  0:13  Overlord  
  13  0:18  Drone  
  14  0:31  Drone x2  
  16  0:35  Drone  
  17  0:56  Hatchery  
  16  0:57  Drone  
  16  1:00  Drone  
  18  1:07  Drone  
  19  1:20  Spawning Pool  
  19  1:21  Drone  
  19  1:28  Extractor  
  19  1:31  Drone  
  19  1:41  Drone  
  20  1:52  Overlord  
  20  2:02  Drone  
  20  2:08  Queen  
  23  2:09  Queen  
  23  2:11  Drone  
  26  2:15  Drone  
  26  2:19  Drone  
  28  2:23  Drone  
  28  2:29  Zergling x2  
  30  2:31  Metabolic Boost  
  30  2:36  Zergling x2  
  31  2:41  Zergling x2  
  31  2:43  Zergling x2  
  33  2:53  Drone  
  34  3:01  Drone  
  34  3:03  Drone  
  36  3:13  Overlord  
  36  3:19  Overlord x2  
  36  3:31  Queen x2  
  36  3:32  Drone x4  
  44  3:37  Overlord  
  44  3:40  Drone x2  
  45  3:43  Drone  
  46  3:49  Drone x3  
  46  3:51  Overlord  
  49  4:04  Drone x2  
  49  4:06  Drone x3  
  54  4:11  Drone  
  54  4:12  Drone  
  54  4:16  Extractor  
  55  4:17  Extractor  
  55  4:19  Extractor  
  55  4:23  Drone x3  
  55  4:24  Drone  
  57  4:38  Drone  
  57  4:39  Zergling x2  
  57  4:42  Lair  
  57  4:44  Zergling x2  
  60  4:47  Zergling x2  
  61  4:56  Zergling x8, Evolution Chamber  
  61  4:57  Evolution Chamber  
  63  5:00  Zergling x2  
  63  5:01  Zergling x6  
  67  5:08  Drone  
  67  5:10  Drone  
  69  5:19  Drone  
  69  5:20  Drone  
  71  5:26  Drone x2  
  73  5:30  Drone  
  73  5:31  Drone  
  73  5:32  Overlord  
  75  5:38  Zerg Melee Weapons Level 1  
  75  5:39  Hatchery, Zerg Ground Armor Level 1  
  74  5:43  Drone  
  74  5:44  Spire, Drone  
  74  5:46  Pneumatized Carapace  
  75  5:57  Overlord  
  75  5:58  Drone  
  75  5:59  Drone x6  
  82  6:08  Baneling Nest  
  81  6:20  Zergling x8  
  85  6:27  Extractor  
  83  6:33  Zergling x4  
  83  6:36  Zergling x6  
  88  6:49  Overlord x3  
  88  6:56  Hatchery  
  88  6:57  Mutalisk x4  
  95  7:02  Zerg Flyer Weapons Level 1  
  95  7:03  Mutalisk  
  97  7:11  Drone x6  
  103  7:16  Drone x2  
  105  7:24  Drone x2  
  105  7:25  Drone  
  107  7:33  Drone  
  107  7:34  Drone  
  107  7:35  Spore Crawler  
  108  7:38  Spore Crawler, Drone x2, Extractor  
  108  7:40  Spore Crawler, Drone x4  
  108  7:41  Zerg Melee Weapons Level 2  
  108  7:42  Zerg Ground Armor Level 2  
  108  7:43  Drone  
  112  7:45  Centrifical Hooks, Mutalisk  
  112  7:51  Mutalisk x2  
  114  7:55  Zergling x2  
  116  8:20  Hydralisk Den  
  116  8:23  Mutalisk x3  
  116  8:24  Mutalisk  
  123  8:30  Mutalisk x2  
  123  8:31  Zergling x2  
  123  8:33  Overlord x4  
  128  8:40  Hatchery  
  127  8:47  Mutalisk  
  128  8:48  Zergling x2, Overlord  
  128  8:57  Mutalisk  
  128  8:58  Zergling x4  
  128  9:00  Zergling x8  
  130  9:23  Hydralisk x2  
  130  9:24  Hydralisk x8  
  128  9:26  Hydralisk  
  143  9:37  Baneling x10  
  143  9:38  Baneling x3  
  142  9:39  Zergling x8  
  142  9:40  Zergling x10  
  142  9:41  Zergling x4  
  142  9:44  Zergling x2  
  154  9:47  Zergling x2  
  154  9:50  Zergling x4  
  157  9:54  Zergling x4  
  157  9:55  Grooved Spines  
  157  9:56  Zergling x6  
  136  10:22  Zergling x8  
  136  10:23  Zergling x6  
  135  10:29  Zergling x8, Extractor  
  135  10:31  Zergling x4  
  135  10:32  Zergling x12, Overlord, Extractor  
  135  10:33  Drone  
  145  10:36  Drone x2  
  145  10:37  Drone  
  145  10:39  Drone x2  
  150  10:44  Drone x3  
  150  10:46  Drone, Infestation Pit  
  145  11:09  Mutalisk x2  
  145  11:10  Mutalisk x5  
  156  11:13  Hydralisk  
  156  11:14  Hydralisk x3  
  164  11:24  Hydralisk  
  164  11:25  Hydralisk x2  
  163  11:27  Zergling x2  
  163  11:28  Zergling x10  
  163  11:29  Zergling x10  
  163  11:32  Zergling x6  
  179  11:33  Drone x2  
  179  11:38  Overlord x2  
  181  11:46  Spore Crawler  
  180  11:52  Spore Crawler, Hydralisk  
  180  11:53  Spore Crawler  
  180  11:54  Overlord x2  
  174  12:26  Mutalisk x2  
  174  12:29  Zergling x10  
  183  12:43  Mutalisk x3  
  185  12:49  Hive  
  185  12:50  Zerg Missile Weapons Level 1  
  185  12:53  Overlord x2  
  165  13:28  Mutalisk x2  
  165  13:35  Mutalisk x2  
  156  14:09  Corruptor x4  
  156  14:19  Overlord  
  156  14:27  Corruptor x3  
  160  14:31  Corruptor x2  
  160  14:32  Corruptor x3  
  160  14:35  Muscular Augments  
  168  14:45  Zerg Melee Weapons Level 3, Zerg Ground Armor Level 3  
  168  14:46  Adrenal Glands, Ultralisk Cavern  
  168  14:51  Hatchery  
  166  14:54  Corruptor  
  166  14:55  Corruptor x6  
  166  14:56  Corruptor x2  
  176  15:11  Zergling x4  
  176  15:12  Zergling x12  
  176  15:13  Zergling x8  
  176  15:38  Greater Spire  
  176  15:52  Hydralisk x2  
  176  15:53  Hydralisk x3  
  176  15:54  Hydralisk x7  
  196  16:11  Extractor  
  196  16:12  Extractor  
  196  16:14  Hydralisk x3  
  196  16:15  Hydralisk  
  184  16:26  Hydralisk x3  
  184  16:27  Hydralisk  
  181  16:34  Hydralisk x5  
  181  16:35  Zergling x4, Hydralisk  
  195  16:44  Hydralisk x2  
  180  17:17  Hatchery  
Show
View Real Time Build Order
Export as new Build Order

BlueHawk Terran 

Build Orders: Reaper Expand 

Get SALT Encoding   

  12  0:17  Supply Depot  
  12  0:21  SCV, Refinery  
  13  0:34  SCV  
  14  0:42  Barracks  
  14  0:49  SCV  
  15  1:05  SCV  
  16  1:19  SCV  
  17  1:31  SCV  
  18  1:33  Barracks Reactor  
  18  1:55  Command Center  
  18  2:09  Reaper x2  
  18  2:13  Orbital Command  
  20  2:18  Supply Depot  
  20  2:37  Factory  
  20  2:41  SCV  
  21  2:48  Marine x2  
  23  3:13  Marine x2  
  26  3:20  SCV  
  26  3:29  Factory Tech Lab  
  26  3:33  Factory  
  26  3:35  SCV  
  26  3:38  Marine x2, Refinery  
  29  3:43  Supply Depot  
  29  3:48  SCV  
  30  3:51  Barracks  
  30  3:58  SCV  
  30  4:00  SCV  
  32  4:14  SCV x2  
  34  4:29  SCV  
  34  4:30  SCV  
  36  4:33  Marine x2  
  38  4:47  Factory Tech Lab  
  38  4:51  Marine  
  37  4:57  Orbital Command  
  37  4:59  SCV  
  38  5:03  Refinery  
  38  5:06  Refinery  
  38  5:07  Siege Tank x2  
  38  5:09  Marine x2  
  38  5:11  Barracks Tech Lab, SCV  
  47  5:18  Supply Depot  
  47  5:21  Starport  
  47  5:23  SCV  
  48  5:34  SCV  
  48  5:35  Marine x3  
  52  5:58  SCV  
  52  5:59  SCV  
  54  6:07  Engineering Bay  
  54  6:10  Engineering Bay, SCV  
  55  6:12  Marine x3  
  55  6:13  Command Center  
  55  6:17  Siege Tank  
  61  6:20  Starport Reactor  
  61  6:27  Supply Depot  
  61  6:29  SCV  
  61  6:30  Supply Depot  
  62  6:42  Terran Infantry Weapons Level 1, Terran Infantry Armor Level 1  
  62  6:49  SCV x2, Marine x3, Siege Tank  
  66  7:05  Supply Depot  
  66  7:06  Supply Depot x2, Marine x2  
  66  7:07  Armory  
  69  7:08  SCV  
  69  7:14  Siege Tank  
  72  7:16  SCV  
  72  7:20  SCV  
  74  7:25  Siege Tank  
  74  7:26  Medivac  
  74  7:27  Marine  
  80  7:31  Stimpack  
  80  7:35  SCV x2  
  82  7:41  Orbital Command  
  82  7:56  Missile Turret  
  82  7:59  SCV x2  
  82  8:03  Missile Turret  
  82  8:04  Marine x3  
  82  8:05  Siege Tank  
  90  8:12  SCV, Refinery  
  91  8:13  SCV x2  
  91  8:14  Refinery  
  91  8:19  Medivac, Siege Tank  
  98  8:21  Marine  
  98  8:22  Marine  
  100  8:33  Missile Turret  
  100  8:36  SCV x2, Barracks  
  100  8:37  Barracks  
  102  8:42  Missile Turret, SCV  
  102  8:43  Marine x3  
  102  8:48  SCV  
  97  9:23  Marine x3  
  97  9:30  SCV x3  
  100  9:38  Siege Tank x2  
  106  9:40  Command Center  
  106  9:41  Marine x3  
  106  9:42  SCV  
  110  9:48  Marine x2  
  110  9:51  SCV x2  
  113  9:58  Marine  
  113  9:59  Marine x2  
  103  10:06  Marine  
  89  10:18  Marine x2  
  89  10:19  Marine x2  
  89  10:20  Terran Infantry Weapons Level 2, Siege Tank  
  89  10:21  Terran Infantry Armor Level 2  
  96  10:23  Marine  
  96  10:24  Medivac  
  96  10:25  Medivac  
  96  10:26  Siege Tank  
  96  10:27  SCV x3  
  107  10:36  Marine x4  
  107  10:41  Marine, Barracks  
  112  10:43  Supply Depot, Barracks  
  112  10:45  Supply Depot  
  112  10:47  SCV x2  
  112  10:48  Supply Depot x2, SCV  
  115  10:52  Siege Tank  
  115  10:54  Marine x2  
  120  10:58  Marine  
  120  11:00  SCV x3  
  120  11:04  Medivac x2  
  126  11:08  Supply Depot  
  126  11:09  Supply Depot  
  128  11:11  Orbital Command  
  128  11:12  SCV  
  128  11:15  SCV x2  
  131  11:24  SCV  
  132  11:29  SCV  
  132  11:30  Marine x4, Refinery x2  
  132  11:32  Barracks Reactor x2  
  137  11:35  Medivac x2, Siege Tank x2  
  147  11:44  Armory  
  147  11:46  Missile Turret  
  147  11:48  Missile Turret, SCV  
  147  11:49  SCV x3  
  147  11:51  Marine  
  147  11:52  Missile Turret, Marine  
  147  11:53  Marine  
  154  12:01  Marine x2  
  156  12:02  Starport  
  156  12:04  Starport  
  156  12:09  Marine  
  156  12:11  Command Center  
  157  12:25  Marine x7  
  157  12:26  Marine  
  157  12:27  Siege Tank x2, Marine  
  172  12:42  Marine  
  172  12:43  Marine  
  174  12:46  Marine x4  
  174  12:47  Marine x2  
  180  12:56  Supply Depot  
  180  12:57  Supply Depot  
  180  13:01  Supply Depot  
  180  13:17  Marine x4  
  180  13:18  Marine x3  
  154  14:45  Marine x5  
  156  14:46  Marine x4  
  156  14:47  Siege Tank  
  156  14:48  Medivac x3, Siege Tank  
  175  15:03  Marine x6  
  175  15:04  Marine x3  
  181  15:16  Orbital Command  
  181  15:18  Medivac  
  181  15:20  Marine  
  181  15:21  Marine x6  
  185  15:22  Marine x2  
  192  15:30  Medivac  
  192  15:31  Medivac  
  196  15:38  Marine x2  
  196  15:39  Marine x2  
  111  16:48  Marine x2  
  111  16:49  Marine x3  
  116  16:54  Marine  
  116  16:55  Marine x3  
  116  16:57  Medivac x2, Siege Tank x2  
  116  16:58  Medivac  
  132  17:06  Marine x3  
  132  17:07  Marine x2  
  137  17:12  Marine x3  
  137  17:13  Marine  
Show
View Real Time Build Order
Export as new Build Order

bertman Terran 

Build Orders:  

Get SALT Encoding   

  12  0:01  SCV  
  13  0:30  Supply Depot  
  13  0:32  SCV  
  14  0:44  SCV  
  15  0:58  Barracks  
  15  1:05  SCV  
  16  1:17  SCV  
  17  1:37  Refinery  
  17  1:42  Barracks  
  17  1:53  SCV  
  18  2:45  Barracks Reactor  
  18  2:47  Orbital Command  
  18  3:11  Supply Depot  
  18  3:22  Marine x2  
  20  3:40  Marine x2  
  22  3:46  Barracks  
  22  3:58  Marine x2  
  24  4:10  Factory  
  24  4:12  Refinery  
  24  4:16  Marine x2  
  26  4:33  SCV  
  27  4:55  Starport  
  27  4:56  Marine  
  27  4:57  Marine  
  27  4:58  Marine  
  30  5:05  Engineering Bay  
  30  5:14  Marine  
  31  5:24  Supply Depot  
  31  5:45  Marine x3  
  34  5:52  Command Center  
  34  6:03  Marine x3, Starport Reactor  
  37  6:05  Terran Infantry Weapons Level 1  
  37  6:16  Factory Tech Lab  
  37  6:20  Marine x2  
  39  6:43  Refinery  
  39  6:57  Supply Depot  
  39  7:03  Medivac, Marine x3  
  39  7:06  Refinery  
  44  7:21  SCV, Marine x3  
  48  7:33  SCV  
  49  7:37  Command Center  
  49  7:39  Marine x3  
  52  7:44  Missile Turret  
  52  7:45  SCV  
  52  7:48  Missile Turret  
  53  7:53  Medivac x2  
  53  7:57  SCV, Marine x3  
  61  7:59  Terran Infantry Armor Level 1  
  61  8:10  SCV  
  61  8:11  Armory  
  62  8:20  Missile Turret  
  62  8:22  Supply Depot  
  62  8:43  SCV, Marine, Siege Tank  
  62  8:44  SCV  
  68  8:55  SCV  
  68  8:56  SCV  
  70  9:08  SCV x2  
  72  9:20  Terran Vehicle Weapons Level 1, SCV  
  73  9:53  Terran Infantry Weapons Level 2  
  54  10:28  Marine x3  
  57  10:30  Siege Tank  
  57  10:33  Medivac x2  
  64  10:45  Marine  
  64  10:46  Marine x2  
  67  10:50  Barracks  
  67  11:02  Siege Tank  
  67  11:03  Medivac, Marine x2  
  67  11:04  Marine  
  62  11:21  Marine x3  
  65  11:38  SCV  
  65  11:39  Marine  
  67  11:50  SCV  
  67  11:51  Medivac x2  
  67  11:53  Marine x2  
  67  11:54  Marine  
  75  11:57  Marine  
  76  12:02  SCV  
  76  12:07  Refinery  
  77  12:11  Marine x3, Refinery  
  77  12:14  SCV  
  77  12:15  Starport, Marine  
  82  12:21  Medivac  
  82  12:22  Starport  
  84  12:26  SCV  
  85  12:38  Supply Depot  
  85  12:40  Terran Vehicle And Ship Armor Level 1  
  85  12:41  Terran Infantry Weapons Level 3  
  85  12:59  Marine  
  53  14:39  Starport Tech Lab  
  53  14:43  Marine, Starport Tech Lab  
  53  14:44  Marine x3  
  57  14:53  Barracks  
  57  14:57  Barracks  
  57  15:01  Marine  
  57  15:02  Siege Tank, Marine x3  
  57  15:04  Banshee x2  
  70  15:19  Marine x3  
  70  15:20  Marine  
  74  15:35  Siege Tank  
  77  15:37  Marine x4  
  81  15:47  Banshee x2  
  87  15:55  Marine x4  
  91  16:12  Marine  
  91  16:13  Marine  
  91  16:15  Supply Depot  
  91  16:16  Supply Depot  
  93  16:37  Banshee, Siege Tank  
  97  16:53  Marine x4  
  91  17:11  Marine x4  
Show
View Real Time Build Order
Export as new Build Order

rod Terran 

Build Orders:  

Get SALT Encoding   

  12  0:01  SCV  
  13  0:18  Supply Depot  
  13  0:19  SCV  
  14  0:31  SCV  
  15  0:43  SCV  
  15  0:44  Barracks  
  16  0:55  SCV  
  17  1:05  Refinery  
  17  1:07  SCV  
  18  1:23  SCV  
  19  1:41  Marine  
  20  1:59  Marine  
  21  2:07  Orbital Command  
  21  2:11  Factory  
  21  2:17  Marine  
  22  2:24  Barracks  
  22  2:33  SCV  
  23  2:39  Barracks Reactor  
  23  3:07  Starport  
  23  3:28  Refinery  
  23  3:35  Factory Tech Lab  
  23  3:38  Barracks Tech Lab  
  23  4:01  Supply Depot  
  23  4:19  Engineering Bay  
  23  4:22  Armory, SCV, Marine x3  
  23  4:23  Supply Depot  
  27  4:25  Medivac  
  29  4:34  SCV  
  30  4:40  Marine  
  30  4:44  Marine  
  32  4:46  Engineering Bay, SCV  
  33  4:54  Command Center  
  33  4:58  Marine  
  33  4:59  Marauder, SCV  
  37  5:02  Marine  
  38  5:08  Supply Depot  
  38  5:11  SCV  
  39  5:16  Terran Infantry Weapons Level 1  
  39  5:24  Terran Infantry Armor Level 1  
  39  5:29  SCV, Marine x2  
  39  5:30  Marauder  
  39  5:31  Supply Depot  
  39  5:32  Supply Depot  
  44  5:41  SCV  
  45  5:47  Marine x2  
  47  5:52  Siege Tank  
  47  5:53  Marauder  
  52  5:57  Supply Depot  
  52  6:05  Marine x2  
  52  6:11  Bunker  
  54  6:13  Marine  
  54  6:15  Refinery  
  54  6:17  SCV  
  56  6:21  SCV  
  56  6:22  Marine x2  
  59  6:30  SCV  
  60  6:33  SCV  
  63  6:40  Siege Tank  
  63  6:42  SCV  
  63  6:43  Medivac  
  63  6:45  SCV, Marine x3  
  71  7:03  Marine  
  71  7:06  Marine x2  
  74  7:12  Siege Tank  
  77  7:20  Marine  
  77  7:22  Missile Turret  
  78  7:24  Marine x2  
  78  7:25  SCV  
  78  7:28  SCV  
  82  7:37  SCV  
  82  7:39  Refinery  
  82  7:40  SCV  
  84  7:49  SCV  
  84  7:51  Marine  
  86  7:53  Combat Shields  
  86  7:55  Terran Infantry Weapons Level 2  
  86  8:02  Terran Vehicle Weapons Level 1  
  86  8:11  Supply Depot  
  86  8:32  Terran Infantry Armor Level 2, Marine x2  
  86  8:33  Siege Tank, SCV  
  92  8:34  Supply Depot  
  86  8:54  Marine  
  82  8:57  Supply Depot  
  78  9:05  Siege Tank, SCV  
  55  9:11  Marine  
  44  9:17  Stimpack, SCV  
  44  9:20  Supply Depot  
  40  9:28  SCV  
  40  9:29  SCV, Marine  
  40  9:40  SCV  
  40  9:41  SCV  
  42  9:47  Marine  
  42  9:52  SCV  
  44  10:05  Marine x3  
  47  10:08  Siege Tank  
  50  10:23  Marine x2  
  52  10:31  Terran Vehicle Weapons Level 2  
  52  10:40  Siege Tank  
  55  10:50  SCV  
  56  11:02  Terran Infantry Weapons Level 3, SCV  
  57  11:10  SCV  
  58  11:12  Siege Tank  
  58  11:14  SCV  
  59  11:22  SCV  
  59  11:26  SCV  
  60  11:39  SCV  
  61  11:50  Marine  
  62  12:01  Marine x2  
  62  12:03  SCV  
  65  12:08  Marine  
  65  12:15  SCV  
  67  12:19  Marine x2, Command Center  
  69  12:23  Command Center  
  69  12:26  Marine  
  64  12:37  Marine  
  64  12:44  Marine  
  59  12:54  Siege Tank  
  62  13:02  Marine  
  63  13:09  Medivac  
  65  13:19  Marine  
  66  13:31  Planetary Fortress  
  66  13:37  Marine  
  64  13:55  Marine  
  54  14:24  SCV  
  55  14:36  SCV  
  56  14:42  Medivac  
  56  14:44  Siege Tank  
  61  14:49  SCV  
  62  15:01  SCV  
  63  15:12  Medivac  
  63  15:13  SCV  
  66  15:16  Planetary Fortress  
  63  15:38  Marine x2  
  63  15:39  Marine  
  63  15:42  Medivac  
  68  15:56  Marine x3  
  71  16:06  Siege Tank  
  74  16:12  Medivac  
  74  16:14  Marine  
  61  16:38  Siege Tank  
  58  16:50  Marine x3  
  46  17:08  Marine x3  
  44  17:09  SCV  
Show
View Real Time Build Order
Export as new Build Order

Leiferon Terran 

Build Orders:  

Get SALT Encoding   

  12  0:01  SCV  
  13  0:13  SCV  
  14  0:19  Supply Depot  
  14  0:29  SCV  
  15  0:41  SCV  
  16  0:48  Barracks  
  16  0:52  Refinery  
  16  0:53  SCV  
  17  1:05  SCV  
  18  1:18  SCV  
  19  1:30  SCV  
  20  1:37  Supply Depot  
  20  1:43  Reaper  
  20  1:44  Orbital Command  
  21  2:01  Supply Depot  
  21  2:12  SCV  
  22  2:18  Barracks Reactor  
  22  2:36  SCV  
  23  2:41  Refinery  
  23  2:45  Command Center  
  23  2:48  SCV  
  24  2:52  Barracks  
  24  2:57  Engineering Bay  
  24  3:00  SCV  
  25  3:13  SCV  
  25  3:16  Marine x2  
  28  3:23  Barracks  
  28  3:25  SCV  
  29  3:34  Marine x2  
  30  3:37  SCV  
  32  3:46  Supply Depot  
  32  3:49  Barracks Tech Lab  
  32  3:50  SCV  
  32  3:51  Marine x2  
  35  4:00  SCV  
  35  4:02  SCV  
  37  4:05  Terran Infantry Weapons Level 1  
  37  4:09  Marine x2  
  39  4:12  SCV  
  36  4:24  Marauder  
  36  4:26  Barracks Reactor  
  36  4:27  Marine x2  
  36  4:28  SCV  
  38  4:40  SCV  
  38  4:42  Orbital Command  
  38  4:45  Marine x2  
  40  4:46  Marauder  
  43  4:52  SCV  
  43  4:56  Engineering Bay  
  43  5:03  Marine x2  
  43  5:05  SCV  
  46  5:08  SCV  
  47  5:20  Marine, SCV  
  47  5:21  Marine  
  50  5:29  Marine x2  
  50  5:32  Marauder  
  54  5:37  Factory  
  54  5:38  Marine x2  
  54  5:39  Terran Infantry Armor Level 1  
  56  5:43  SCV x2  
  56  5:49  Marine x2  
  59  5:53  Stimpack, Marine  
  59  5:55  SCV  
  62  6:26  Supply Depot  
  62  6:27  Supply Depot  
  62  6:28  Supply Depot  
  62  6:29  Supply Depot  
  62  6:34  SCV  
  62  6:35  Supply Depot  
  62  6:37  Supply Depot  
  62  6:48  Marine x5  
  55  6:58  Command Center  
  51  7:06  Marine x4  
  51  7:08  Marauder  
  57  7:23  Marine x3  
  57  7:24  Factory Tech Lab  
  57  7:29  Marauder  
  62  7:30  Armory  
  62  7:32  SCV  
  62  7:34  Starport  
  63  7:37  Refinery  
  63  7:38  SCV  
  63  7:41  Marine  
  66  7:44  SCV  
  66  7:50  SCV  
  67  7:56  SCV  
  67  7:57  Marine  
  67  7:58  Marine x2  
  69  7:59  Marine  
  69  8:00  Marauder  
  69  8:01  Siege Tank  
  77  8:08  SCV  
  78  8:14  Marine  
  78  8:16  Marine x2  
  78  8:18  Refinery  
  81  8:20  SCV  
  81  8:23  Missile Turret  
  82  8:28  SCV  
  82  8:32  SCV  
  84  8:38  SCV  
  84  8:40  SCV  
  86  8:44  SCV  
  86  8:47  Marine x2  
  89  8:48  Marine  
  89  8:49  Marine  
  89  8:50  SCV  
  89  8:51  Marauder  
  89  8:52  SCV  
  95  8:56  SCV  
  95  9:02  SCV  
  97  9:05  Marine x2  
  97  9:06  Marine x2  
  101  9:12  Marauder  
  103  9:22  Siege Tank  
  103  9:23  Marine x2  
  108  9:24  Marine x2  
  110  9:33  Marauder  
  112  9:42  Marine  
  113  9:55  Marauder  
  85  10:25  Marine x2  
  85  10:26  Marine x2  
  63  10:39  Marauder  
  63  10:42  Siege Tank  
  68  10:43  Marine x3  
  68  10:44  Marine, Starport Reactor  
  68  10:45  Terran Infantry Weapons Level 2  
  68  10:46  Terran Infantry Armor Level 2  
  68  10:47  Terran Vehicle Weapons Level 1  
  72  10:54  SCV x2  
  74  11:00  Marine  
  74  11:01  Marauder  
  69  11:06  SCV  
  69  11:17  Marine  
  69  11:18  Marine x3  
  66  11:31  Supply Depot  
  65  11:34  Supply Depot  
  65  11:35  Marine x2  
  65  11:36  Marine x2  
  65  11:38  Medivac x2  
  73  11:41  Siege Tank  
  76  11:51  Barracks  
  76  11:52  SCV  
  76  11:53  Marine x2, Barracks  
  79  11:55  Supply Depot  
  79  12:04  SCV  
  80  12:13  Siege Tank  
  82  12:27  Command Center  
  79  12:47  Medivac x2  
  83  13:00  Terran Vehicle And Ship Armor Level 1  
  67  13:37  Marine  
  67  13:38  Marine x4  
  72  13:44  Combat Shields  
  69  13:55  Marine x3  
  61  14:14  Barracks Reactor x2  
  61  14:16  Marine x3  
  61  14:17  Marine x2  
  64  14:19  Viking x2  
  64  14:22  Terran Infantry Weapons Level 3  
  64  14:23  Terran Infantry Armor Level 3  
  70  14:27  SCV x2  
  72  14:34  Marine  
  72  14:35  Supply Depot  
  72  14:37  Supply Depot  
  73  14:43  Marine x4  
  77  14:48  Thor  
  77  14:49  Viking  
  77  14:52  Viking, Marine  
  88  15:13  Command Center  
  88  15:19  Viking  
  90  15:22  Viking  
  92  15:31  Thor  
  98  15:44  Marine x3  
  98  15:45  Marine x6  
  102  16:02  Marine x4  
  50  16:35  Thor  
  50  16:37  Marine x2  
  50  16:38  Marine x4  
  46  16:56  Marine x3  
  35  17:05  Marine  
Tags
 
Add a new tag
Caveats
  • Supply blocks, unpowered buildings, or Contaminate may cause inaccurate times.
  • Supply counts are checked every 10 seconds.